 Dungeon Crawl Stone Soup version 0.31-a0-157-g0643eb4156 (webtiles) character file.

Game seed: 17482362140986045338

18 qw the Shooter (level 2, -1/26 HPs)
             Began as a Naga Hunter on June 12, 2023.
             Slain by a hobgoblin (5 damage)
             ... led by Robin
             ... on level 2 of the Dungeon.
             The game lasted 00:00:16 (857 turns).

qw the Shooter (Naga Hunter)                         Turns: 857, Time: 00:00:17

Health: -1/26      AC:  2    Str: 13    XL:     2   Next: 70%
Magic:  2/2        EV:  9    Int:  9    God:
Gold:   72         SH:  0    Dex: 14    Spells: 1/1 levels left

rFire   . . .        Y - +0 shortbow (freeze)
rCold   . . .        (shield currently unavailable)
rNeg    . . .        c - +0 leather armour
rPois   +            (no helmet)
rElec   .            (no cloak)
rCorr   +            (no gloves)
SInv    +            (no barding)
Will    .....        (no amulet)
Stlth   ++           j - ring of resist corrosion
HPRegen 0.24/turn    (no ring)
MPRegen 0.08/turn

%: no passive effects
@: short of breath, very slow
A: AC +0, large, see invisible, deformed body, poison resistance, slowness 2,
spit poison 1, naga tail 1
a: Spit Poison


You were on level 2 of the Dungeon.
You visited 1 branch of the dungeon, and saw 2 of its levels.

You collected 90 gold pieces.
You spent 18 gold pieces at shops.


Innate Abilities, Weirdness & Mutations

Your serpentine skin is tough. (AC +0)
You have supernaturally acute eyesight. (SInv)
Armour fits poorly on your strangely shaped body.
Your system is resistant to poisons. (rPois)
You cover ground very slowly.
You can spit poison.
You have a snake-like lower body.


   Skills:
 - Level 2.0 Fighting
 + Level 4.3 Ranged Weapons
 - Level 1.5 Dodging
 - Level 1.5 Stealth


You had one spell level left.
You didn't know any spells.
Your spell library was empty.

Inventory:

Hand Weapons
 Y - a +0 shortbow of freezing (weapon)
Armour
 c - a +0 leather armour (worn)
Jewellery
 j - a ring of resist corrosion (left hand)
Scrolls
 a - a scroll of teleportation {unknown}
 h - a scroll of identify
Potions
 d - a potion of enlightenment {unknown}
 l - a potion of resistance {unknown}

Dungeon Overview and Level Annotations

Branches:
Dungeon (2/15)

Altars:

Shops:
D:1 *


Message History

You hear a shout!
A goblin comes into view. It is wielding a +0 club.
You shoot an arrow. The arrow barely misses the hobgoblin.
You have got your breath back.
850 ||| INVOKING Spit Poison.
Aiming: Spit Poison (2% risk of failure)
Press: ? - help, Shift-Dir - straight line, f/p - hobgoblin The splash of poison hits the hobgoblin.
The hobgoblin is poisoned.
The hobgoblin is moderately wounded.
The hobgoblin barely misses you.
You shoot an arrow. The arrow barely misses the hobgoblin.
The hobgoblin hits you.
The hobgoblin hits you but does no damage.
You shoot an arrow. The arrow hits the hobgoblin!
The arrow freezes the hobgoblin.
You kill the hobgoblin!
The hobgoblin barely misses you.
You shoot an arrow.
The arrow hits the hobgoblin but does no damage.
The hobgoblin hits you. The hobgoblin barely misses you.
The dart slug closely misses you. The hobgoblin barely misses you.
You shoot an arrow. The arrow closely misses the hobgoblin.
The hobgoblin closely misses you. The hobgoblin hits you.
The dart slug bites you.
You shoot an arrow.
The arrow hits the hobgoblin but does no damage.
You have got your breath back.
The hobgoblin hits you. x2
856 ||| INVOKING Spit Poison.
Aiming: Spit Poison (2% risk of failure)
Press: ? - help, Shift-Dir - straight line, f/p - hobgoblin The splash of poison hits the hobgoblin.
You kill the hobgoblin!
The hobgoblin hits you. The dart slug launches a dart at you.
The slug dart misses you.
You shoot an arrow. The arrow closely misses the goblin.
The goblin barely misses you. The hobgoblin hits you.
You die...

#............# #.
#.##.....##### .
#.##.....# .##.
#.####.### ..). #.#
#.#######
.##..####)#
#.......#
........#.#
#######.#
#...gwg.##########.#
#%@.............#
#..##############
.....) ....#..##
###.#..# # #..# #..#
#..#


You could see a dart slug, a hobgoblin and a goblin.

Vanquished Creatures
  A ball python (D:1)
  2 bats (D:2)
  3 goblins
  4 hobgoblins
  3 frilled lizards (D:1)
  2 kobolds (D:1)
  A rat (D:1)
16 creatures vanquished.

Notes
Turn   | Place    | Note
-------+----------+-------------------------------------------
     0 | D:1      | qw the Naga Hunter began the quest for the Orb.
     0 | D:1      | Reached XP level 1. HP: 19/19 MP: 1/1
     0 | D:1      | 0 ||| qw: Version: 0.2-a-29-gc1b59c4
     0 | D:1      | 0 ||| qw: Game counter: 4124
     0 | D:1      | 0 ||| qw: Always use a shield: true
     0 | D:1      | 0 ||| qw: God list: Okawaru
     0 | D:1      | 0 ||| qw: Allow faded altars: false
     0 | D:1      | 0 ||| qw: Do Orc after D:15 true
     0 | D:1      | 0 ||| qw: Do second Lair branch before Depths: true
     0 | D:1      | 0 ||| qw: Lair rune preference: random
     0 | D:1      | 0 ||| qw: Plans: Normal
     0 | D:1      | 0 ||| PLANNING D:1-11
    16 | D:1      | 16 ||| INVOKING Spit Poison.
    52 | D:1      | 52 ||| INVOKING Spit Poison.
    53 | D:1      | 53 ||| INVOKING Spit Poison.
   108 | D:1      | Found Sakhliagg's Assorted Antiques.
   116 | D:1      | 116 ||| BUYING bubbling purple potion (18 gold).
   116 | D:1      | Bought a bubbling purple potion for 18 gold pieces
   116 | D:1      | 116 ||| SHOPLISTING fizzy ruby potion (18 gold, have 6).
   116 | D:1      | 116 ||| SHOPLISTING pink potion (18 gold, have 6).
   116 | D:1      | 116 ||| SHOPLISTING scroll labelled VAITOW LEARAPP (21
                  | gold, have 6).
   337 | D:1      | 337 ||| INVOKING Spit Poison.
   341 | D:1      | 341 ||| INVOKING Spit Poison.
   345 | D:1      | 345 ||| INVOKING Spit Poison.
   378 | D:1      | 378 ||| INVOKING Spit Poison.
   379 | D:1      | 379 ||| INVOKING Spit Poison.
   496 | D:1      | 496 ||| INVOKING Spit Poison.
   497 | D:1      | Reached skill level 4 in Ranged Weapons
   497 | D:1      | Reached XP level 2. HP: 26/26 MP: 2/2
   517 | D:1      | 517 ||| INVOKING Spit Poison.
   558 | D:1      | 558 ||| INVOKING Spit Poison.
   561 | D:1      | 561 ||| INVOKING Spit Poison.
   689 | D:1      | 689 ||| UPGRADING to ring of resist corrosion.
   690 | D:1      | 690 ||| READING scroll labelled UCIOBO LAIHITE.
   691 | D:1      | 691 ||| READING scroll labelled WIYHIRCH SAOHIO.
   692 | D:1      | 692 ||| READING 2 scrolls labelled COXOTHR OFIOTT.
   693 | D:1      | 693 ||| READING scroll labelled ZUIBLAACIXT.
   694 | D:1      | 694 ||| READING scroll labelled MOCVYWEQIO.
   695 | D:1      | 695 ||| READING scroll labelled RUUMOIL DIFAIH.
   696 | D:1      | 696 ||| READING scroll labelled DUHYLLASUALU.
   697 | D:1      | 697 ||| DRINKING 2 fizzy ruby potions.
   727 | D:1      | 727 ||| DROPPING scroll of butterflies.
   728 | D:1      | 728 ||| DROPPING potion of lignification.
   810 | D:2      | 810 ||| INVOKING Spit Poison.
   840 | D:2      | 840 ||| INVOKING Spit Poison.
   844 | D:2      | 844 ||| INVOKING Spit Poison.
   850 | D:2      | 850 ||| INVOKING Spit Poison.
   855 | D:2      | HP: 5/26 [hobgoblin[Robin] (3)]
   856 | D:2      | 856 ||| INVOKING Spit Poison.
   857 | D:2      | Slain by a hobgoblin

Levels and vault maps discovered:
D:1:      wheals_arrival_shading, layout_basic, serial_corexii_hall,
          chequers_hall_statues_corner_a, chequers_hall_statues_corner_a,
          serial_shops, shop_statue, fountainhead
D:2:      layout_loops_ring, uniq_robin

Skill      XL: |  1 |
---------------+----+-----
Ranged Weapons | 4 |  4.3
Fighting       | |  2.0
Dodging        | |  1.5
Stealth        | |  1.5

Action                     || total
---------------------------++-------
   Fire: Shortbow          ||    31
Ability: Spit Poison       ||    15
    Use: Scroll            ||     7
         Potion            ||     1
 Armour: Leather armour    ||     6
  Dodge: Dodged            ||    15

Table legend:
 A = Non-vault XP
 B = Vault XP
 C = Vault XP percentage of total XP
 D = Non-vault monster count
 E = Vault monster count
 F = Vault count percentage of total count
                 A         B        C        D         E       F
            +---------+---------+-------+---------+---------+-------
      Total |      21 |       6 |  22.2 |      13 |       3 |  18.8
            +---------+---------+-------+---------+---------+-------
        D:1 |      15 |       0 |   0.0 |      10 |       0 |   0.0
        D:2 |       6 |       6 |  50.0 |       3 |       3 |  50.0
            +---------+---------+-------+---------+---------+-------
